 Dungeon Crawl Stone Soup version 0.26-a0-259-g1effd001a9 (webtiles) character file.

Game seed: 15878354309017885193

6 night the Chiller (level 1, -1/10 HPs)
             Began as a Deep Elf Ice Elementalist on July 26, 2020.
             Slain by Terence
             ... wielding a +3 short sword
              (7 damage)
             ... on level 2 of the Dungeon.
             The game lasted 00:01:12 (712 turns).

night the Chiller (Deep Elf Ice Elementalist)        Turns: 712, Time: 00:01:12

Health: -1/10      AC:  4    Str:  5    XL:     1   Next: 75%
Magic:  4/6        EV: 13    Int: 19    God:
Gold:   1          SH:  0    Dex: 15    Spells: 5/6 levels left

rFire    . . .     SeeInvis .   (no weapon)
rCold    . . .     Faith    .   (no shield)
rNeg     . . .     Spirit   .   a - +0 robe
rPois    .         Reflect  .   f - +1 helmet
rElec    .         Harm     .   (no cloak)
rCorr    .                      (no gloves)
MR       .....                  (no boots)
Stlth    ++........             (no amulet)
HPRegen  0.03/turn              (no ring)
MPRegen  0.10/turn              (no ring)

@: no status effects
A: no striking features
a: no special abilities


You were on level 2 of the Dungeon.
You were not hungry.

You visited 1 branch of the dungeon, and saw 2 of its levels.

You collected 1 gold pieces.

Inventory:

Armour
 a - a +0 robe (worn)
 f - a +1 helmet (worn)
Scrolls
 b - a scroll of enchant weapon {unknown}
 h - 2 scrolls of identify {unknown}
 i - a scroll of magic mapping {unknown}
 j - a scroll of remove curse {unknown}
Potions
 d - a potion of mutation {unknown}
 e - a potion of resistance {unknown}
 g - 2 potions of berserk rage {unknown}
Comestibles
 c - 6 rations


   Skills:
 - Level 2.4 Dodging
 - Level 2.4 Stealth
 + Level 3.2 Spellcasting
 * Level 4.6 Ice Magic


You had 5 spell levels left.
You knew the following spells:

 Your Spells              Type           Power        Failure   Level
a - Freeze                Ice            ###.         2%          1

Your spell library contained the following spells:

 Spells                   Type           Power        Failure   Level
 Frozen Ramparts          Ice            ###...       7%          3
 Ozocubu's Armour         Chrm/Ice       ##......     17%         3
 Hailstorm                Conj/Ice       ##......     50%         4
 Summon Ice Beast         Ice/Summ       ##......     50%         4


Dungeon Overview and Level Annotations

Branches:
Dungeon (2/15)

Altars:
Ashenzari

Annotations:
D:2 Terence


Message History

Found 2 rations.
Found a shattered altar of Ashenzari.
There is a stone staircase leading up here.
Casting: Freeze (safe; 2% risk of failure)
Confirm with . or Enter, or press ? or * to list all spells.
Aiming: Freeze (safe; 2% risk of failure)
Press: ? - help, Shift-Dir - straight line, f - Terence
Aim: Terence, wielding a +3 short sword and wearing a +0 scale mail You freeze Terence.
Terence is lightly wounded.
Terence hits you with a +3 short sword.
Casting: Freeze (safe; 2% risk of failure)
Confirm with . or Enter, or press ? or * to list all spells.
Aiming: Freeze (safe; 2% risk of failure)
Press: ? - help, Shift-Dir - straight line, f/p - Terence
Aim: Terence, wielding a +3 short sword and wearing a +0 scale mail (lightly wounded)
You freeze Terence.
Terence is moderately wounded.
Terence hits you with a +3 short sword!
Ouch! That really hurt!
You die...

.b #.# ...
#.# #.# #.#
... #.#
#.##.##### #
_.......###
...
#....r....
##..##@....#
#.....@$...#
#.#..#.#.#.#
#......# #
#....#.#
###..#.#
..[. # #..#
..>#


You could see Terence and a rat (asleep).

Vanquished Creatures
  A leopard gecko (D:1)
  A bat (D:1)
  A hobgoblin (D:1)
  2 rats (D:1)
5 creatures vanquished.

Notes
Turn   | Place    | Note
-------+----------+-------------------------------------------
     0 | D:1      | night the Deep Elf Ice Elementalist began the quest for the
                  | Orb.
     0 | D:1      | Reached XP level 1. HP: 10/10 MP: 6/6
   708 | D:2      | Noticed Terence
   709 | D:2      | Found a shattered altar of Ashenzari.
   712 | D:2      | Slain by Terence

Illustrated notes

Levels and vault maps discovered:
D:1:      eino_arrival_tree_alley, layout_loops_ring
D:2:      layout_basic, first_ration, ashenzari_altar_1, uniq_natasha,
          uniq_terence, uniq_jessica

Action                   || total
-------------------------++-------
Melee: Unarmed           ||     1
 Cast: Freeze            ||    10
Armor: Robe              ||     4
Dodge: Dodged            ||     6

Table legend:
 A = Non-vault XP
 B = Vault XP
 C = Vault XP percentage of total XP
 D = Non-vault monster count
 E = Vault monster count
 F = Vault count percentage of total count
                 A         B        C        D         E       F
            +---------+---------+-------+---------+---------+-------
      Total |       9 |       0 |   0.0 |       5 |       0 |   0.0
            +---------+---------+-------+---------+---------+-------
        D:1 |       9 |       0 |   0.0 |       5 |       0 |   0.0
            +---------+---------+-------+---------+---------+-------
